 Dungeon Sprint DCSS version 0.18.1-50-g88ac8fd (webtiles) character file.

14 Inkary the Ruffian (level 2, -12/28 HPs)
             Began as a Ghoul Monk on Sept 18, 2016.
             Was a Believer of Qazlal.
             Mangled by a yak (15 damage)
             ... in the Dungeon (Sprint IX: "|||||||||||||||||||||||||||||").
             The game lasted 00:00:59 (199 turns).

Inkary the Ruffian (Ghoul Monk)                      Turns: 199, Time: 00:01:00

Health: -12/28     AC:  4    Str: 14    XL:     2   Next: 45%
Magic:  0/1        EV: 13    Int:  8    God:    Qazlal [**....]
Gold:   0          SH:  2    Dex: 11    Spells: 0 memorised, 1 level left

rFire  . . .     SeeInvis .       - Unarmed
rCold  + . .     Gourm    .     a - +0 robe
rNeg   + + +     Faith    .     (no shield)
rPois  ∞         Spirit   .     (no helmet)
rElec  .         Dismiss  .     (no cloak)
rCorr  .         Reflect  .     (no gloves)
SustAt .         Harm     .     (no boots)
MR     .....     NoTele   +     (no amulet)
Stlth  ++........               p - +3 ring of intelligence
                                q - +2 ring of protection

@: rotting, not resistant to hostile enchantments, unstealthy
A: rotting body, claws 1, carnivore 3, cold resistance 1, negative energy
resistance 3, slow regeneration 1, torment resistance, unbreathing
a: Upheaval, Renounce Religion


You were in the Dungeon.
You worshipped Qazlal.
Qazlal was pleased with you.
You were not hungry.

You visited 1 branch

Inventory:

Armour
 a - a +0 robe (worn)
 n - a +0 cloak
 o - a +0 pair of gloves
Jewellery
 p - a +3 ring of intelligence (right claw)
 q - a +2 ring of protection (left claw)
Wands
 m - a wand of acid (7/15)
Scrolls
 h - 2 scrolls of blinking
 k - 3 scrolls of remove curse
 l - 2 scrolls of amnesia
Potions
 c - 5 potions of curing
 d - 3 potions of heal wounds
 e - a potion of haste
 f - 4 potions of magic
 g - a potion of berserk rage
 j - a potion of invisibility
Comestibles
 b - a meat ration
 i - 5 chunks of flesh


   Skills:
 + Level 4.4 Fighting
 + Level 3.6 Dodging
 - Level 2.1 Stealth
 + Level 5.3 Unarmed Combat


You had one spell level left.
You didn't know any spells.

Dungeon Overview and Level Annotations

Branches:
Dungeon (1/1)

Altars:
Cheibriados
Dithmenos
Elyvilon
Fedhas
Gozag
Kikubaaqudgha
Makhleb
Nemelex Xobeh
Okawaru
Pakellas
Qazlal
Ru
Sif Muna
Trog
Vehumet
Xom
Yredelemnul
Zin
The Shining One
Beogh
Jiyva
Lugonu


Innate Abilities, Weirdness & Mutations

Your body is rotting away.
You thrive on raw meat.
You are immune to poison.
You have sharp fingernails.
You are carnivorous and can eat meat at any time.
Your flesh is cold resistant.
You are immune to negative energy.
You regenerate slowly when monsters are visible.
You are immune to unholy pain and torment.
You can survive without breathing.


Message History

You scratch the yak but do no damage.
The yak is lightly wounded.
The yak gores you!
* * * LOW HITPOINT WARNING * * *
The eye of draining gazes at you.
You scratch the yak.
The yak is lightly wounded.
The yak gores you.
* * * LOW HITPOINT WARNING * * *
You barely miss the yak.
The yak is lightly wounded.
The yak barely misses you.
You scratch the yak.
The yak is moderately wounded.
The yak completely misses you.
You claw the yak! You claw the yak, but do no damage.
The yak is heavily wounded.
The yak gores you!
Ouch! That really hurt!
You die...

▓.▓
▓.▓
▓|▓
▓)▓
▓.▓
▓.▓
▓[▓
▓.▓
▓@▓
▓Y▓
▓H▓
▓Y▓
▓G▓
▓C▓
▓o▓
▓.▓


You could see a hill giant, 2 yaks, a hippogriff, an eye of draining and an orc
warrior.

Vanquished Creatures
  An adder skeleton (D)
  A giant gecko (D)
  An orc (D)
  A giant cockroach (D)
  2 goblins (D)
  A bat (D)
  A giant cockroach zombie (D)
  A giant gecko zombie (D)
  A giant newt (D)
10 creatures vanquished.

Notes
Turn   | Place    | Note
--------------------------------------------------------------
     0 | D        | Inkary the Ghoul Monk began the quest for the Orb.
     0 | D        | Reached XP level 1. HP: 19/19 MP: 0/0
    38 | D        | Reached skill level 5 in Unarmed Combat
    38 | D        | Reached XP level 2. HP: 16/27 MP: 1/1
   135 | D        | Found a glowing silver altar of Zin.
   135 | D        | Found a glowing golden altar of the Shining One.
   135 | D        | Found an ancient bone altar of Kikubaaqudgha.
   135 | D        | Found a basalt altar of Yredelemnul.
   135 | D        | Found a shimmering altar of Xom.
   135 | D        | Found a radiant altar of Vehumet.
   139 | D        | Found an iron altar of Okawaru.
   140 | D        | Found a burning altar of Makhleb.
   141 | D        | Found a deep blue altar of Sif Muna.
   142 | D        | Found a bloodstained altar of Trog.
   143 | D        | Found a sparkling altar of Nemelex Xobeh.
   144 | D        | Found a white marble altar of Elyvilon.
   145 | D        | Found a roughly hewn altar of Beogh.
   146 | D        | Found a viscous altar of Jiyva.
   147 | D        | Found a corrupted altar of Lugonu.
   148 | D        | Found a blossoming altar of Fedhas.
   149 | D        | Found a snail-covered altar of Cheibriados.
   150 | D        | Found a shadowy altar of Dithmenos.
   151 | D        | Found a stormy altar of Qazlal.
   152 | D        | Found an opulent altar of Gozag.
   153 | D        | Found a sacrificial altar of Ru.
   154 | D        | Found an oddly glowing altar of Pakellas.
   161 | D        | Became a worshipper of Qazlal Stormbringer
   161 | D        | Reached * piety under Qazlal
   161 | D        | Reached ** piety under Qazlal
   187 | D        | Noticed a yak
   187 | D        | Noticed a hippogriff
   187 | D        | Noticed a yak
   187 | D        | Noticed an eye of draining
   187 | D        | Noticed an orc warrior
   187 | D        | Noticed a hill giant
   199 | D        | Mangled by a yak

Skill      XL: |  1 |
---------------+----+-----
Dodging        | 3 |  3.6
Fighting       | 4 |  4.4
Unarmed Combat | 5 |  5.3
Stealth        | |  2.1

Action                   || total
-------------------------++-------
Melee: Unarmed           ||    39
       Punch             ||     1
  Eat: Chunk             ||     1
Armor: Robe              ||     2
Dodge: Dodged            ||    17
Block: Other             ||     1
